Map: 往日神庙

Players

御坂妹妹

  • Race: Terran Terran
  • League: Diamond

Mar

  • Race: Terran Terran
  • League: Gold
  • Spawn Location: 0:00

VOD

Have the link to the VOD?

Description

Time

  • Played on: Feb. 15, 2018, 8:58 a.m.
  • Length: 26:30
Show
View Real Time Build Order
Export as new Build Order

御坂妹妹 Terran 

Build Orders:  

Get SALT Encoding   

  12  0:05  Starport Tech Lab  
  12  0:08  SCV  
  13  0:25  Supply Depot, SCV  
  15  0:42  SCV  
  16  1:00  SCV, Assault Galleon  
  16  1:17  SCV  
  18  1:34  SCV  
  19  1:51  SCV  
  19  2:02  Command Center  
  19  2:08  SCV  
  19  2:09  Refinery  
  20  2:22  Refinery  
  20  2:25  SCV  
  21  2:38  Engineering Bay  
  22  2:42  SCV  
  22  2:58  SCV  
  23  3:03  Reaper  
  24  3:13  Reaper  
  24  3:15  SCV  
  26  3:22  Armory  
  27  3:32  SCV  
  27  3:35  Reaper  
  28  3:42  LE9 Cluster Charges  
  28  3:45  Reaper  
  28  3:49  SCV  
  31  4:00  Reaper  
  31  4:01  Command Center  
  31  4:06  SCV  
  31  4:09  Reaper  
  33  4:19  Reaper, SCV  
  36  4:23  SCV  
  36  4:36  SCV  
  38  4:40  Jetpack Overdrive, SCV  
  39  4:53  SCV  
  39  4:54  Supply Depot  
  39  4:57  SCV  
  40  5:09  Reaper  
  41  5:17  SCV x2  
  41  5:19  Reaper  
  44  5:20  Refinery  
  44  5:24  Horner Weapons Level 1  
  44  5:29  Reaper  
  47  5:34  SCV x2  
  47  5:39  Reaper  
  48  5:44  Fusion Core  
  48  5:49  Reaper  
  51  5:50  SCV  
  51  5:51  SCV  
  51  5:59  Reaper  
  52  6:00  Theia Raven  
  52  6:07  SCV  
  52  6:09  Reaper  
  57  6:17  SCV  
  57  6:19  Reaper  
  58  6:22  Assault Galleon  
  58  6:23  Supply Depot  
  58  6:29  Reaper  
  58  6:42  Reaper  
  58  6:49  Assault Galleon  
  59  6:52  Reaper  
  59  6:59  Theia Raven  
  66  7:14  Assault Galleon  
  65  7:23  Drone Hangar  
  65  7:28  Reaper  
  66  7:36  Assault Galleon  
  66  7:38  Reaper  
  67  7:42  Supply Depot  
  67  7:48  Reaper  
  68  8:03  Reaper  
  68  8:04  Reaper  
  68  8:05  Reaper  
  71  8:13  Reaper  
  71  8:14  Reaper  
  71  8:15  Multi-Threaded Sensors, Reaper  
  74  8:23  Reaper x2  
  74  8:25  Reaper  
  77  8:33  Reaper  
  77  8:34  Reaper x2  
  77  8:35  Reaper  
  87  8:43  Reaper  
  87  8:44  Reaper x2  
  87  8:45  Reaper, Supply Depot  
  91  8:55  Reaper x2  
  91  8:57  Drone Hangar  
  94  9:00  Reaper  
  94  9:03  Horner Weapons Level 2  
  93  9:15  Reaper x3  
  93  9:19  Supply Depot  
  97  9:20  Reaper  
  97  9:25  Reaper x2  
  102  9:30  Reaper  
  108  9:40  Reaper x3  
  108  9:44  Drone Hangar  
  108  9:49  Reaper  
  106  9:50  Reaper x2  
  106  9:55  Drone Hangar  
  106  9:59  Reaper  
  105  10:00  Reaper x2  
  105  10:09  Reaper  
  101  10:10  Reaper x2  
  101  10:19  Reaper  
  103  10:20  Reaper x2  
  103  10:27  Reaper  
  103  10:29  Reaper x2  
  107  10:30  Reaper  
  107  10:36  Reaper  
  107  10:37  Reaper  
  107  10:39  Reaper x2  
  112  10:40  Reaper  
  112  10:46  Reaper  
  112  10:47  Reaper  
  112  10:49  Reaper x2  
  117  10:50  Reaper  
  117  10:56  Reaper  
  117  10:57  Reaper  
  117  10:59  Reaper x2  
  123  11:00  Reaper  
  123  11:05  Supply Depot  
  123  11:06  Reaper  
  126  11:17  Reaper  
  126  11:18  Reaper  
  126  11:32  Reaper  
  126  11:36  Reaper x3  
  135  11:42  Reaper  
  135  11:46  Reaper x3  
  135  11:52  Reaper  
  135  11:54  Drone Hangar  
  135  11:56  Reaper x3  
  137  12:02  Reaper  
  137  12:06  Reaper x3  
  136  12:12  Reaper  
  136  12:15  Reaper x3  
  136  12:19  Supply Depot  
  131  12:22  Reaper  
  131  12:25  Reaper x3  
  135  12:32  Reaper  
  135  12:35  Reaper x3  
  135  12:36  Reaper  
  138  12:42  Reaper  
  138  12:45  Reaper x3  
  138  12:49  Reaper  
  143  12:51  Reaper  
  143  12:55  Reaper x3  
  143  12:59  Reaper  
  148  13:01  Reaper  
  148  13:05  Reaper x3  
  153  13:12  Reaper  
  153  13:14  Supply Depot  
  153  13:15  Reaper x3  
  153  13:16  Reaper  
  158  13:43  Reaper  
  158  13:44  Reaper  
  158  13:45  Reaper x3  
  160  13:53  Reaper  
  160  13:54  Reaper x2  
  160  13:55  Reaper x2  
  159  14:07  Trigger Override  
  156  14:24  Supply Depot  
  156  14:38  Horner Weapons Level 3  
  156  14:59  Asteria Wraith  
  160  15:26  Command Center  
  156  15:57  Reaper x3  
  156  15:58  Reaper x2  
  161  16:07  Reaper x3  
  165  16:10  Reaper x2  
  165  16:11  Command Center  
  165  16:17  Reaper x2  
  168  16:20  Supply Depot  
  168  16:37  Reaper x4  
  168  16:38  Reaper  
  173  16:47  Reaper x2  
  173  16:48  Supply Depot  
  175  16:50  Reaper  
  173  17:00  Missile Turret x2  
  173  17:06  Theia Raven  
  160  17:23  Reaper x3  
  160  17:24  Reaper x2  
  165  17:33  Reaper x3  
  165  17:39  Reaper  
  169  18:30  Reaper x3  
  169  18:31  Asteria Wraith  
  169  18:34  Unregistered Cloak System  
  160  19:13  Reaper x3  
  160  19:14  Reaper x2  
  164  19:23  Reaper x4  
  164  19:24  Reaper  
  166  19:33  Reaper x5  
  166  19:37  Tactical Jump  
  172  19:40  SCV  
  172  19:43  Reaper x5  
  177  19:52  Reaper  
  177  19:53  Reaper x4  
  177  19:56  SCV  
  183  20:02  Reaper  
  183  20:03  Reaper x2  
  182  20:11  Reaper  
  182  20:12  Reaper x2  
  182  20:13  Reaper x2  
  177  20:21  Reaper  
  177  20:22  Reaper x2  
  177  20:23  Reaper  
  180  20:36  Reaper  
  180  20:37  Reaper x2  
  181  21:34  Missile Turret  
  181  21:35  Reaper x3  
  181  21:36  Reaper x2, Missile Turret  
  186  21:45  Reaper x2  
  188  21:58  Supply Depot  
  186  22:01  Missile Turret  
  186  22:02  Missile Turret  
  186  22:04  Asteria Wraith  
  190  22:31  Reaper x2  
  190  22:32  Reaper x3  
  192  22:41  Reaper x2  
  192  22:42  Reaper x3  
  194  22:51  Reaper x2  
  192  23:41  Reaper x3  
  192  23:42  Reaper x2  
  180  23:51  Reaper x3  
  180  23:52  Reaper x2  
  184  24:01  Reaper x3  
  184  24:02  Reaper x2  
  189  24:11  Reaper x4  
  189  24:12  Theia Raven, Reaper  
  192  24:21  Reaper x4  
  192  24:22  Reaper  
  192  24:29  Asteria Wraith  
  168  24:31  Reaper x4  
  168  24:32  Reaper  
  159  24:41  Reaper x4  
  159  24:42  Reaper  
  158  24:51  Reaper x4  
  158  24:52  Reaper  
  134  25:01  Reaper x4  
  134  25:02  Reaper  
  135  25:10  Reaper  
  135  25:11  Reaper x4  
  140  25:20  Reaper  
  140  25:21  Reaper x4  
  137  25:30  Reaper  
  137  25:31  Reaper x3  
  137  25:38  Sovereign Battlecruiser  
  118  25:40  Reaper x2  
  118  25:41  Reaper x2, Command Center  
  93  25:50  Reaper x2  
  93  25:51  Reaper x2  
  93  25:55  Command Center  
  77  26:00  Reaper x2  
  77  26:01  Reaper x2  
Show
View Real Time Build Order
Export as new Build Order

Mar Terran 

Build Orders:  

Get SALT Encoding   

Tags
 
Commander
HornerRaynor
Matchup
Co-op
Replay Pack
Co-op Speedrun
Add a new tag
Caveats
  • Supply blocks, unpowered buildings, or Contaminate may cause inaccurate times.
  • Supply counts are checked every 10 seconds.